 Dungeon Crawl Stone Soup version 0.31.0-9-g3a7656b989 (webtiles) character file.

Game seed: 15527100711944098361

9342 Couri the Toxicologist (level 11, 0/45 (47) HPs)
             Began as a Spriggan Alchemist on Jan 30, 2024.
             Was a Believer of Vehumet.
             Killed from afar by Josephine (21 damage)
             ... with a ghostly fireball
             ... on level 10 of the Dungeon on Feb 1, 2024.
             The game lasted 01:45:33 (15437 turns).

Couri the Toxicologist (Spriggan Alchemist)        Turns: 15437, Time: 01:45:33

HP:   0/45 (47)     AC:  7    Str:  4    XL:     11   Next: 21%
MP:   10/26         EV: 23    Int: 21    God:    Vehumet [**....]
Gold: 353           SH:  0    Dex: 16    Spells: 13/31 levels left

rFire   + . .        G - +3 dagger (freeze)
rCold   . . .        (no shield)
rNeg    . . .        u - +2 robe {rF+}
rPois   .            (helmet restricted)
rElec   .            m - +2 cloak
rCorr   .            (gloves unavailable)
SInv    +            (boots unavailable)
Will    +....        (no amulet)
Stlth   ++++         n - +5 ring of evasion
HPRegen 0.27/turn    D - ring of wizardry
MPRegen 0.20/turn

%: wizardry (x1)
@: lightly drained, very quick
A: very small, no large weapons, unfitting armour, see invisible, speed 3,
screaming 1
a: Renounce Religion


You were on level 10 of the Dungeon.
You worshipped Vehumet.
Vehumet was pleased with you.
You visited 2 branches of the dungeon, and saw 12 of its levels.

You collected 665 gold pieces.
You spent 312 gold pieces at shops.

Inventory:

Hand Weapons
 e - a +0 dagger of flaming
 h - a +2 dagger of venom
 j - a +2 dagger of speed
 G - a +3 dagger of freezing (weapon)
 H - a +4 short sword
Armour
 a - a +0 robe
 m - a +2 cloak (worn)
 t - +0 acid dragon scales
 u - a +2 robe of fire resistance (worn)
Jewellery
 n - a +5 ring of evasion (left hand)
 o - a ring of poison resistance
 s - a ring of protection from fire
 y - a ring of fire
 D - a ring of wizardry (right hand)
 L - a +5 ring of evasion
 O - a ring of protection from cold
Talismans
 c - a maw talisman
 r - a serpent talisman
 J - a blade talisman
Wands
 g - a wand of flame (38)
 x - a wand of iceblast (17)
 M - a wand of charming (12)
 Q - a wand of polymorph (4)
Scrolls
 f - a scroll of brand weapon
 k - 3 scrolls of immolation
 p - 2 scrolls of fog
 v - a scroll of enchant armour
 z - 5 scrolls of teleportation
 B - a scroll of blinking
 C - a scroll of torment {unknown}
 E - a scroll of silence {unknown}
 I - a scroll of vulnerability
 K - a scroll of poison {unknown}
 N - 2 scrolls of acquirement {unknown}
 P - a scroll of amnesia {unknown}
Potions
 b - 2 potions of magic
 d - a potion of berserk rage {unknown}
 i - a potion of haste
 l - a potion of brilliance
 w - 2 potions of lignification
 A - a potion of invisibility
 F - a potion of attraction {unknown}


   Skills:
 - Level 2.2 Short Blades
 - Level 4.0 Dodging
 - Level 10.0 Stealth
 + Level 10.7 Spellcasting
 + Level 5.1 Conjurations
 * Level 13.3 Alchemy


You had 13 spell levels left.
You knew the following spells:

 Your Spells              Type           Power      Damage    Failure   Level
a - Sting                 Conj/Alch      100%       1d9       1%          1
b - Mercury Vapours       Alch/Air       78%        N/A       1%          2
c - Magic Dart            Conj           100%       1d8       1%          1
d - Fulminant Prism       Conj/Alch      25%        3d13      1%          4
e - Olgreb's Toxic Radia  Alch           61%        N/A       1%          4
f - Sticky Flame          Fire/Alch      39%        2d8       1%          4
g - Scorch                Fire           22%        2d5       3%          2

Your spell library contained the following spells:

 Spells                   Type           Power      Damage    Failure   Level
 Cigotuvi's Dreadful Rot  Necr/Alch/Air  58%        N/A       1%          2
 Searing Ray              Conj           66%        2d6       1%          2
 Mephitic Cloud           Conj/Alch/Air  37%        N/A       1%          3
 Petrify                  Alch/Erth      39%        N/A       1%          4
 Irradiate                Conj/Alch      25%        3d20      1%          5
 Freeze                   Ice            44%        1d6       2%          1
 Sandblast                Erth           22%        2d7       2%          1
 Hailstorm                Conj/Ice       22%        3d7       2%          3
 Sublimation of Blood     Necr           11%        N/A       3%          2
 Frozen Ramparts          Ice            22%        1d4       8%          3
 Passwall                 Erth           11%        N/A       8%          3
 Tukima's Dance           Hex            11%        N/A       8%          3
 Iskenderun's Mystic Bla  Conj/Tloc      22%        2d6       9%          4
 Dimensional Bullseye     Hex/Tloc       5%         N/A       24%         4
 Dispel Undead            Necr           11%        3d9       24%         4
 Martyr's Knell           Necr/Summ      11%        N/A       24%         4
 Lee's Rapid Deconstruct  Erth           5%         3d6*      52%         5
 Death Channel            Necr           5%         N/A       97%         6
 Malign Gateway           Summ/Tloc      5%         N/A       100%        7
 Disjunction              Tloc           5%         N/A       100%        8
 Summon Horrible Things   Summ           5%         N/A       100%        8


Dungeon Overview and Level Annotations

Branches:
Dungeon (11/15)            Temple (1/1) D:5            Lair (0/5) D:9
    Orc (0/2) D:10

Altars:
Ashenzari
Cheibriados
Dithmenos
Elyvilon
Fedhas
Gozag
Hepliaklqana
Kikubaaqudgha
Makhleb
Nemelex Xobeh
Okawaru
Qazlal
Ru
Sif Muna
Trog
Uskayaw
Vehumet
Wu Jian
Xom
Yredelemnul
Zin
The Shining One

Shops:
D:7 (   D:8 [*!!

Annotations:
D:5 2 runed translucent doors, alby's ghost, novice MiWn
D:10 exclusion: warg, Josephine


Innate Abilities, Weirdness & Mutations

You are very small and have problems with some larger weapons.
You are too small for most types of armour.
You have supernaturally acute eyesight. (SInv)
You cover ground extremely quickly. (Speed+++)
You occasionally shout uncontrollably at your foes.


Message History

Your fulminant prism explodes!
The blast of energy engulfs the wraith!!
You destroy the wraith!
Vehumet accepts your kill.
The blast of energy engulfs the wraith!!
You destroy the wraith!
Vehumet accepts your kill.
You feel better. Josephine hits you with a +0 dagger.
Josephine attacks as she pursues you! Josephine hits you with a +0 dagger.
* * * LOW HITPOINT WARNING * * *
There is an open door here.
Casting: Fulminant Prism (dangerous; 1% risk of failure)
Confirm with . or Enter, or press ? or * to list all spells.
Aiming: Fulminant Prism (dangerous; 1% risk of failure)
Press: ? - help, Dir - move target You conjure a prism of explosive energy!
A fulminant prism comes into view.
Josephine hits your fulminant prism with a +0 dagger!
Your fulminant prism crackles loudly.
There is an open door here.
Your fulminant prism explodes!
The blast of energy engulfs Josephine!
Josephine is lightly wounded.
Casting: Fulminant Prism (dangerous; 1% risk of failure)
Confirm with . or Enter, or press ? or * to list all spells.
Aiming: Fulminant Prism (dangerous; 1% risk of failure)
Press: ? - help, Dir - move target You conjure a prism of explosive energy!
A fulminant prism comes into view.
You feel yourself speed up.
Your fulminant prism crackles loudly.
Josephine hits your fulminant prism with a +0 dagger!
Your fulminant prism explodes!
The blast of energy engulfs Josephine!!
Josephine is heavily wounded.
You feel better. Josephine casts a spell at you.
The ghostly flame explodes!
The ghostly fireball engulfs you!!
You feel drained.
You die...

..........................#
.##########.........###...#
.#....#...#.........# #...#
.#....#...#.........# #...#
.#..@.'...#......[..# #...#
.#....#...#.[.......###...#
.#....#...#.............(.#
.#...##...@...............#
##...######...##@.........#
##...##...'...##......##..#
..........#...........##..#
......)...#####'###.......#
.....####'##......#.......#
.....#...[.#......#...###.#
##...#.....#......'...###.#
####.#.#...#......#.......#
...#####...##.....#.......#


You could see Josephine.

Vanquished Creatures
  A fire crab (D:9)
  A deep elf pyromancer (D:10)
  A kobold demonologist (D:10)
  Sigmund (D:4)
  20 yaks
  A shadow (D:9)
  2 wraiths (D:10)
  2 wargs (D:10)
  2 vampire mosquitoes
  2 acid dragons
  2 water moccasins (D:7)
  5 orc warriors
  A sky beast (D:6)
  A black bear (D:6)
  An ogre (D:5)
  2 centaurs
  4 kobold brigands (D:9)
  2 gnoll sergeants
  2 bullfrogs
  A wyvern skeleton (D:6)
  2 scorpions
  3 water moccasin zombies (D:6)
  9 wights
  A water moccasin skeleton (D:6)
  6 howler monkeys
  2 bullfrog zombies (D:6)
  2 centaur zombies (D:6)
  A hound (D:7)
  7 jellies
  2 bullfrog skeletons (D:6)
  6 orc priests
  A sleepcap (D:4)
  Natasha (thrice) (D:4)
  2 iguanas
  4 orc wizards
  A killer bee zombie (D:6)
  Robin (D:2)
  6 adders
  10 gnolls
  A shadow imp (D:7)
  2 white imps
  4 ufetubi
  2 dart slugs
  A ribbon worm (D:4)
  30 orcs
  9 ball pythons
  3 bats
  6 endoplasms
  2 giant cockroaches
  19 goblins
  7 hobgoblins
  6 quokkas
  4 frilled lizards
  21 kobolds
  7 rats
247 creatures vanquished.

Vanquished Creatures (others)
  32 fulminant prisms
32 creatures vanquished.

Grand Total: 279 creatures vanquished

Notes
Turn   | Place    | Note
-------+----------+-------------------------------------------
     0 | D:1      | Couri the Spriggan Alchemist began the quest for the Orb.
     0 | D:1      | Reached XP level 1. HP: 9/9 MP: 5/5
   244 | D:1      | Reached XP level 2. HP: 13/13 MP: 3/6
   532 | D:1      | Reached skill level 1 in Conjurations
  1226 | D:2      | Noticed Robin
  1259 | D:2      | Reached XP level 3. HP: 2/16 MP: 3/8
  1353 | D:2      | Reached skill level 4 in Alchemy
  1384 | D:2      | Killed Robin
  1820 | D:2      | Reached XP level 4. HP: 9/21 MP: 6/10
  2292 | D:3      | Learned a level 2 spell: Mercury Vapours
  2933 | D:3      | Reached XP level 5. HP: 24/24 MP: 8/11
  2951 | D:3      | Reached skill level 5 in Alchemy
  3048 | D:3      | Found a white marble altar of Elyvilon.
  3049 | D:3      | Found a sparkling altar of Nemelex Xobeh.
  3050 | D:3      | Found a snail-covered altar of Cheibriados.
  3051 | D:3      | Found an ornate altar of the Wu Jian Council.
  3248 | D:4      | Reached skill level 5 in Stealth
  3292 | D:4      | Reached XP level 6. HP: 12/28 MP: 10/13
  3898 | D:4      | Noticed Natasha
  3923 | D:4      | Killed Natasha
  4583 | D:4      | Reached skill level 6 in Alchemy
  4715 | D:4      | Noticed Sigmund
  4735 | D:4      | Noticed Natasha
  4760 | D:4      | Killed Sigmund
  4761 | D:4      | Reached XP level 7. HP: 29/32 MP: 8/15
  4768 | D:4      | Killed Natasha
  5157 | D:4      | Noticed Natasha
  5176 | D:4      | Killed Natasha
  5177 | D:4      | Reached skill level 5 in Spellcasting
  5449 | D:5      | Entered Level 5 of the Dungeon
  5529 | D:5      | Learned a level 1 spell: Magic Dart
  5544 | D:5      | Found a runed translucent door.
  5545 | D:5      | Noticed alby's ghost (novice MiWn)
  5648 | D:5      | Found a staircase to the Ecumenical Temple.
  5854 | D:5      | Found a runed translucent door.
  6006 | D:5      | Reached skill level 7 in Alchemy
  6071 | D:5      | Found a bloodstained altar of Trog.
  6274 | D:6      | Reached XP level 8. HP: 27/36 MP: 11/17
  6883 | D:6      | Reached skill level 8 in Alchemy
  7428 | D:6      | Learned a level 4 spell: Fulminant Prism
  8270 | D:6      | Reached skill level 9 in Alchemy
  8270 | D:6      | Reached XP level 9. HP: 20/39 MP: 0/20
  8500 | D:7      | Identified the +0 pair of boots of Imosi {rC+ rN+ Int-5}
  8763 | D:7      | Found Zicriess's Weapon Shoppe.
  8984 | D:7      | Learned a level 4 spell: Olgreb's Toxic Radiance
 10016 | D:8      | Found a blossoming altar of Fedhas.
 10526 | D:8      | Got Sif Muna's Compendium of Underground Movement
 10558 | D:8      | Found Husex's Distillery.
 10563 | D:8      | Found Waqoalaf's Antique Armour Boutique.
 10564 | D:8      | Found Futebe Ujoeff's Distillery.
 10565 | D:8      | Found Bonomm's General Store.
 10656 | Temple   | Entered the Ecumenical Temple
 10749 | Temple   | Became a worshipper of Vehumet
 11047 | D:9      | Reached skill level 1 in Short Blades
 11066 | D:10     | Entered Level 10 of the Dungeon
 11653 | D:8      | Bought a potion of heal wounds for 65 gold pieces
 11653 | D:8      | Bought a potion of curing for 39 gold pieces
 11677 | D:8      | Bought a glowing robe for 96 gold pieces
 11699 | D:8      | Bought a scroll of enchant armour for 112 gold pieces
 11962 | D:9      | Reached * piety under Vehumet
 11962 | D:9      | Offered knowledge of Shock by Vehumet.
 11965 | D:9      | Noticed a fire crab
 11985 | D:8      | Reached skill level 10 in Stealth
 12383 | D:9      | Found a staircase to the Lair.
 12402 | D:9      | Killed a fire crab
 12403 | D:9      | Reached skill level 10 in Alchemy
 12403 | D:9      | Reached XP level 10. HP: 20/44 MP: 15/23
 12716 | D:8      | Learned a level 4 spell: Sticky Flame
 12839 | D:9      | Reached skill level 11 in Alchemy
 13191 | D:10     | Noticed a deep elf pyromancer
 13198 | D:10     | Killed a deep elf pyromancer
 13289 | D:10     | Gained mutation: You occasionally shout uncontrollably at
                  | your foes. [potion of mutation]
 13578 | D:10     | Reached skill level 12 in Alchemy
 13597 | D:10     | Reached skill level 10 in Spellcasting
 13608 | D:10     | Reached ** piety under Vehumet
 13611 | D:10     | Offered knowledge of Scorch by Vehumet.
 13619 | D:10     | Learned a level 2 spell: Scorch
 13734 | D:10     | Found a staircase to the Orcish Mines.
 13901 | D:10     | Reached XP level 11. HP: 29/47 MP: 18/26
 13919 | D:10     | Reached skill level 13 in Alchemy
 14205 | D:10     | Reached skill level 5 in Conjurations
 15383 | D:11     | Noticed Josephine
 15437 | D:10     | Killed from afar by Josephine

Illustrated notes

Levels and vault maps discovered:
D:1:      beargit_arrival_diablo_church, layout_basic
D:2:      minmay_inner_zag, layout_basic, uniq_robin
D:3:      layout_loops_ring, mainiacjoe_overflow_alcove_3, nrook_mini_vaults,
          kennysheep_cross_room, minmay_misc_feat_secret_circle
D:4:      minmay_spotlight, layout_loops_corners, grunt_ministairs_8,
          kennysheep_generic_room_9, uniq_sigmund, uniq_natasha
D:5:      layout_rooms, trog_butcher_becter, minmay_temple_entry_glass,
          ebering_ghost_sewer_f, kennysheep_generic_room_4
D:6:      layout_basic, serial_undead, serial_undead_b, serial_undead_a,
          serial_undead_b, serial_undead_e, serial_undead_c, serial_undead_b,
          serial_undead_e, serial_undead_b, moated_statue
D:7:      layout_layer_cave, serial_shops, nicolae_take_the_stairs,
          wad_floor_pattern_2
D:8:      layout_basic, fedhas_bush_and_centaur_altar, minmay_misc_feat_columns,
          minmay_shop_grid_forest, small_statue_intersection
D:9:      layout_rooms, minmay_lair_entry_lava
D:10:     layout_stronghold, david_orc_1_choice
D:11:     layout_roguey, enter_trove_0, grunt_ministairs_10,
          nicolae_shop_firing_range, uniq_josephine
Temple:   kb_temple_of_zot

Skill      XL: |  1  2  3  4  5  6  7  8  9 10 11 |
---------------+----------------------------------+-----
Conjurations   | 1 2 3 4 5 |  5.1
Spellcasting   | 3 4 5 6 8 10 | 10.7
Alchemy        | 4 5 6 7 9 10 12 13 | 13.3
Stealth        | 4 5 6 7 8 10 | 10.0
Dodging        | 4 |  4.0
Short Blades   | 2 |  2.2

Action                     |  1- 3 |  4- 6 |  7- 9 | 10-12 || total
---------------------------+-------+-------+-------+-------++-------
  Melee: Unarmed           |    11 |       |       |       ||    11
         Dagger            |    66 |   117 |   381 |    45 ||   609
         Punch             |     1 |     2 |    10 |       ||    13
   Cast: Sting             |    40 |    84 |   128 |    40 ||   292
         Magic Dart        |       |       |   137 |    35 ||   172
         Mercury Vapours   |       |       |     9 |       ||     9
         Fulminant Prism   |       |       |     8 |    24 ||    32
         Olgreb's Toxic Ra |       |       |    11 |    17 ||    28
         Sticky Flame      |       |       |       |     2 ||     2
  Evoke: Wand              |       |       |     3 |     2 ||     5
    Use: Potion            |     1 |     1 |     8 |     7 ||    17
         Scroll            |       |     7 |     7 |     4 ||    18
   Stab: Sleeping          |     7 |     4 |     6 |     2 ||    19
         Distracted        |       |       |     1 |       ||     1
 Armour: Robe              |    39 |    23 |   128 |    43 ||   233
  Dodge: Dodged            |    63 |    90 |   330 |    97 ||   580
         Form:             |     1 |       |       |       ||     1
         Maw               |     1 |       |       |       ||     1
